 Dungeon Crawl Stone Soup version 0.28-a0-1117-g0bdd5ba030 (webtiles) character file.

175 hazymike the Archer (level 5, 0/41 HPs)
             Began as a Centaur Hunter on Nov 4, 2017.
             Slain by a rat (2 damage)
             ... on level 3 of the Dungeon on Dec 11, 2021.
             The game lasted 00:25:41 (2591 turns).

hazymike the Archer (Centaur Hunter)                Turns: 2591, Time: 00:25:41

Health: 0/41       AC:  4    Str: 15    XL:     5   Next: 29%
Magic:  5/5        EV:  9    Int: 10    God:
Gold:   126        SH:  0    Dex: 10    Spells: 4/4 levels left

rFire   . . .      SeeInvis .   a - +1 shortbow
rCold   . . .      Faith    .   (shield currently unavailable)
rNeg    . . .      Spirit   .   c - +0 leather armour
rPois   .          Reflect  .   (no helmet)
rElec   .          Harm     .   (no cloak)
rCorr   .          Rampage  .   (no gloves)
Will    .....                   (no barding)
Stlth   +.........              (no amulet)
HPRegen 0.13/turn               (no ring)
MPRegen 0.09/turn               (no ring)

@: very quick
A: large, hooves 3, deformed body, speed 2, tough skin 3
a: no special abilities


You were on level 3 of the Dungeon.
You visited 1 branch of the dungeon, and saw 3 of its levels.

You collected 126 gold pieces.

Inventory:

Hand Weapons
 a - a +1 shortbow (weapon)
 b - a +0 short sword
Missiles
 d - 3 arrows (quivered ammo)
 o - 20 bolts
Armour
 c - a +0 leather armour (worn)
 k - a +2 pair of gloves
 n - a +0 helmet
 p - a +1 scale mail of positive energy
 r - a +3 leather armour
Jewellery
 i - a +3 ring of evasion {unknown}
 q - a ring of positive energy {unknown}
Scrolls
 e - a scroll of fear {unknown}
 l - 5 scrolls of identify {unknown}
 m - a scroll of amnesia {unknown}
 t - a scroll of removedness
Potions
 j - a potion of mutation {unknown}
 s - 2 potions of flight {unknown}
Comestibles
 f - a removed food
 h - 2 removed foods


   Skills:
 - Level 2.0 Fighting
 + Level 8.8 Bows
 - Level 1.3 Dodging
 - Level 0.4 Stealth


You had 4 spell levels left.
You didn't know any spells.
Your spell library was empty.

Dungeon Overview and Level Annotations

Branches:
Dungeon (3/15)

Altars:


Innate Abilities, Weirdness & Mutations

You have hooves in place of feet.
Armour fits poorly on your strangely shaped body.
You cover ground very quickly. (Speed++)
You have extremely tough skin. (AC +3)


Message History

The rat bites you but does no damage. The rat bites you but does no damage.
The rat bites you.
* * * LOW HITPOINT WARNING * * *
The rat barely misses you. The rat closely misses you. The rat bites you.
* * * LOW HITPOINT WARNING * * *
The rat bites you.
* * * LOW HITPOINT WARNING * * *
The rat bites you but does no damage. The rat bites you but does no damage.
The rat bites you.
* * * LOW HITPOINT WARNING * * *
The rat barely misses you. The rat barely misses you.
The rat barely misses you. The rat bites you but does no damage.
The rat closely misses you. The rat bites you.
* * * LOW HITPOINT WARNING * * *
The rat closely misses you. The rat misses you. The rat completely misses you.
The rat bites you but does no damage. The rat barely misses you.
The rat closely misses you. The rat bites you but does no damage.
The rat bites you.
* * * LOW HITPOINT WARNING * * *
The rat bites you but does no damage.
The rat twitches its whiskers.
The rat bites you but does no damage. The rat closely misses you.
The rat bites you but does no damage. The rat barely misses you.
The rat bites you.
* * * LOW HITPOINT WARNING * * *
The rat bites you.
You die...

#(# ..# #.# ..
... #.# .( .r
#.# ## .. #.#
#. #.# #. #.#
#.##########.#
#..r@........#
##############


You could see a rat.

Vanquished Creatures
  An orc wizard (D:3)
  Terence (D:2)
  Robin (D:2)
  4 adders
  2 worms
  A dart slug (D:1)
  5 orcs
  2 removed leopard geckos
  A ball python (D:1)
  4 bats
  A giant cockroach (D:1)
  19 goblins
  6 hobgoblins
  3 kobolds
  2 quokkas
  5 frilled lizards
  12 rats
70 creatures vanquished.

Notes
Turn   | Place    | Note
-------+----------+-------------------------------------------
     0 | D:1      | hazymike the Centaur Hunter began the quest for the Orb.
     0 | D:1      | Reached XP level 1. HP: 17/17 MP: 1/1
   175 | D:1      | Reached XP level 2. HP: 24/24 MP: 2/2
   218 | D:1      | Reached skill level 6 in Bows
   853 | D:2      | Reached XP level 3. HP: 29/29 MP: 3/3
   996 | D:2      | Reached skill level 7 in Bows
  1075 | D:2      | Noticed Robin
  1086 | D:2      | Killed Robin
  1086 | D:2      | Reached XP level 4. HP: 36/36 MP: 4/4
  1212 | D:2      | Noticed Terence
  1236 | D:2      | Killed Terence
  1604 | D:2      | Reached skill level 8 in Bows
  1983 | D:3      | Reached XP level 5. HP: 41/41 MP: 5/5
  2136 | D:3      | Noticed a phantom
  2446 | D:3      | Upgraded the game from 0.24-a0-698-g60d090ba07 to
                  | 0.28-a0-1117-g0bdd5ba030
  2590 | D:3      | HP: 2/41 [rat (2)]
  2591 | D:3      | Slain by a rat

Illustrated notes

Levels and vault maps discovered:
D:1:      mrwooster_arrival_statue_2, st_stairs_10
D:2:      columned_hall_lemuel, uniq_robin, uniq_terence
D:3:      first_bread, guppyfry_early_orc_mine

Skill      XL: |  1  2  3  4 |
---------------+-------------+-----
Bows           | 6 7 8 |  8.8
Fighting       | |  2.0
Dodging        | |  1.3
Stealth        | |  0.4

Action                   |  1- 3 |  4- 6 || total
-------------------------+-------+-------++-------
Melee: Unarmed           |       |     1 ||     1
       Kick              |       |     1 ||     1
 Fire: Shortbow          |   116 |    83 ||   199
  Eat: Removed food      |       |     3 ||     3
Armor: Leather armour    |     4 |    55 ||    59
Dodge: Dodged            |     1 |    64 ||    65

Table legend: (Time is in decaauts)
 A = Elapsed time spent in this place.
 B = Non-inter-level travel time spent in this place.
 C = Inter-level travel time spent in this place.
 D = Time resting spent in this place.
 E = Time spent auto-exploring this place.
 F = Levels seen in this place.
 G = Mean time per level.
                   A        B        C        D        E       F      G
               +--------+--------+--------+--------+--------+-----+--------+
         Total |   1988 |   1769 |    219 |      0 |    903 |   3 |  662.7 |
       Dungeon |   1988 |   1769 |    219 |      0 |    903 |   3 |  662.7 |
               +--------+--------+--------+--------+--------+-----+--------+

Top non-repeatable levels by time:
     D:3: 143 daAuts
Note: time per level data comes from an upgraded game and may be incomplete.
